 Dungeon Crawl Stone Soup version 0.24.0-123-gd5b16e6ec5 (webtiles) character file.

Game seed: 3665454359058472298, levelgen mode: deterministic

149 Mrkan the Skirmisher (level 5, -5/33 HPs)
             Began as a Gargoyle Fighter on Dec 30, 2019.
             Was a Follower of Makhleb.
             Slain by a gnoll
             ... wielding a +0 halberd
              (12 damage)
             ... on level 4 of the Dungeon.
             The game lasted 00:03:07 (2610 turns).

Mrkan the Skirmisher (Gargoyle Fighter)             Turns: 2610, Time: 00:03:08

Health: -5/33      AC: 11    Str: 19    XL:     5   Next: 31%
Magic:  6/6        EV:  7    Int:  9    God:    Makhleb [*.....]
Gold:   190        SH:  9    Dex: 10    Spells: 4/4 levels left

rFire    . . .     SeeInvis .   a - +0 flail
rCold    . . .     Gourm    .   c - +0 shield
rNeg     + . .     Faith    .   b - +0 scale mail
rPois    ∞         Spirit   .   (no helmet)
rElec    +         Reflect  .   (no cloak)
rCorr    .         Harm     .   (no gloves)
MR       .....                  (no boots)
Stlth    ..........             (no amulet)
HPRegen  0.11/turn              (no ring)
MPRegen  0.10/turn              (no ring)

@: glowing
A: negative energy resistance 1, electricity resistance, unbreathing,
petrification resistance, rot immunity, AC +4
a: Renounce Religion


You were on level 4 of the Dungeon.
You worshipped Makhleb.
Makhleb was aware of your devotion.
You were not hungry.

You visited 1 branch of the dungeon, and saw 4 of its levels.

You collected 190 gold pieces.

Inventory:

Hand Weapons
 a - a +0 flail (weapon)
Armour
 b - a +0 scale mail (worn)
 c - a +0 shield (worn)
Wands
 r - a wand of polymorph (5)
Scrolls
 e - 3 scrolls of enchant armour {unknown}
 g - a scroll of noise {unknown}
 h - 2 scrolls of amnesia {unknown}
 k - a scroll of teleportation {unknown}
 l - 4 scrolls of remove curse {unknown}
 m - 5 scrolls of identify {unknown}
 q - a scroll of magic mapping {unknown}
Potions
 d - 2 potions of might
 i - a potion of magic {unknown}
 n - 2 potions of brilliance {unknown}
 o - a potion of flight {unknown}
 p - a potion of degeneration {unknown}
 s - a potion of berserk rage {unknown}
Comestibles
 f - 10 rations
 j - 2 chunks of flesh


   Skills:
 + Level 4.0 Fighting
 * Level 3.5 Maces & Flails
 + Level 4.0 Armour
 + Level 3.9 Shields
 + Level 1.5 Invocations


You had 4 spell levels left.
You didn't know any spells.
Your spell library was empty.

Dungeon Overview and Level Annotations

Branches:
Dungeon (4/15)             Temple (0/1) D:4

Altars:
Hepliaklqana
Makhleb
Nemelex Xobeh


Innate Abilities, Weirdness & Mutations

You are resistant to torment.
Your stone body is resilient. (AC +4)
You are immune to poison.
You resist negative energy. (rN+)
You are resistant to electric shocks. (rElec)
You can survive without breathing.
You are immune to petrification.
You are immune to rotting.


Message History

You closely miss the giant cockroach. The gnoll completely misses you.
You block the giant cockroach's attack.
You hit the giant cockroach but do no damage.
The gnoll closely misses you. You block the giant cockroach's attack.
You block the gnoll's attack. The gnoll hits you but does no damage.
The giant cockroach closely misses you.
You hit the giant cockroach but do no damage.
The gnoll hits you but does no damage. The giant cockroach barely misses you.
The gnoll hits you.
* * * LOW HITPOINT WARNING * * *
You sock the giant cockroach!
You kill the giant cockroach!
Makhleb accepts your kill.
Your Armour skill increases to level 4!
The gnoll hits you from afar with a +0 halberd.
* * * LOW HITPOINT WARNING * * *
You block the gnoll's attack.
You closely miss the gnoll.
The gnoll hits you from afar with a +0 halberd!
You die...

........# ##.......# ##...
......... ###......###....
......... #####.......†.##...(
........# ##.#........##..#....
........#####........######......
........##....#...#### ###....
.........†gg..#..g## ##..#
...........g#.#g#..## ##..
.............###@g..# ##.
#.........#...#...#..# ##
###$.......#.....#....# #
#.....#####.>.#####.. ....##..
#.....# .# .... ##. #...#... .##
....### #..#


You could see 3 gnolls.

Vanquished Creatures
  A gnoll shaman (D:4)
  Terence (D:3)
  An adder (D:3)
  An ooze (D:3)
  4 worms
  2 dart slugs (D:2)
  A leopard gecko (D:4)
  An orc (D:4)
  7 bats
  8 giant cockroaches
  5 goblins
  6 hobgoblins
  4 jackals (D:2)
  A quokka (D:3)
  2 frilled lizards
  6 kobolds
  A quokka skeleton (D:4)
  11 rats
63 creatures vanquished.

Notes
Turn   | Place    | Note
-------+----------+-------------------------------------------
     0 | D:1      | Mrkan the Gargoyle Fighter began the quest for the Orb.
     0 | D:1      | Reached XP level 1. HP: 14/14 MP: 1/1
    84 | D:1      | Reached XP level 2. HP: 16/19 MP: 2/2
   528 | D:2      | Reached XP level 3. HP: 1/23 MP: 3/3
  1020 | D:2      | Found a burning altar of Makhleb.
  1024 | D:2      | Became a worshipper of Makhleb the Destroyer
  1533 | D:3      | Reached XP level 4. HP: 29/29 MP: 4/4
  1546 | D:3      | Reached * piety under Makhleb
  1657 | D:3      | Noticed Terence
  1667 | D:3      | Killed Terence
  1667 | D:3      | Reached skill level 1 in Invocations
  2478 | D:4      | Found a sparkling altar of Nemelex Xobeh.
  2501 | D:4      | Found a hazy altar of Hepliaklqana.
  2572 | D:4      | Reached XP level 5. HP: 33/33 MP: 6/6
  2573 | D:4      | Found a staircase to the Ecumenical Temple.
  2610 | D:4      | Slain by a gnoll

Levels and vault maps discovered:
D:1:      dpeg_arrival_ternary, layout_rooms
D:2:      layout_loops_ring, marbit_many_paths, first_ration
D:3:      layout_loops_ring, uniq_terence
D:4:      kennysheep_big_flooded_room, layout_cave_pods, kennysheep_little_box,
          nemelex_xobeh_ov_fountains_minmay, lemuel_doored_altar,
          minmay_temple_entry_arrows

Skill      XL: |  1  2  3  4  5 |
---------------+----------------+-----
Maces & Flails | 3 |  3.5
Invocations    | 1 |  1.5
Fighting       | 4 |  4.0
Armour         | 4 |  4.0
Shields        | |  3.9

Action                   |  1- 3 |  4- 6 || total
-------------------------+-------+-------++-------
Melee: Flail             |   176 |    76 ||   252
  Eat: Chunk             |     2 |     4 ||     6
Armor: Scale mail        |   105 |    48 ||   153
Dodge: Dodged            |    74 |    22 ||    96
Block: Shield            |    98 |    39 ||   137
